 Dungeon Crawl Stone Soup version 0.27.0-1-g7a089689b8 (webtiles) character file.

Game seed: 15292725639655709918

52991 dtburroughs the Fighter (level 14, -2/136 HPs)
             Began as a Gargoyle Berserker on Aug 4, 2021.
             Was a High Priest of Trog.
             Slain by a dire elephant (17 damage)
             ... on level 6 of the Lair of Beasts.
             The game lasted 00:51:14 (29313 turns).

dtburroughs the Fighter (Gargoyle Berserker)       Turns: 29313, Time: 00:51:14

Health: -2/136     AC: 28    Str: 24    XL:     14   Next: 66%
Magic:  4/4        EV:  7    Int:  9    God:    Trog [*****.]
Gold:   1008       SH: 23    Dex: 10    Spells: 13/13 levels left

rFire    + . .     SeeInvis .   Z - +7 morningstar (antimagic)
rCold    + . .     Faith    .   S - +0 tower shield
rNeg     + . .     Spirit   .   g - +0 plate armour
rPois    ∞         Reflect  +   (no helmet)
rElec    +         Harm     .   (no cloak)
rCorr    .         Rampage  .   h - +0 pair of gloves
Will     +++..                  k - +0 pair of boots
Stlth    ..........             L - amulet of reflection
HPRegen  1.32/turn              z - ring of protection from fire
MPRegen  0.09/turn              a - ring of protection from cold

@: berserking, strong-willed, flying, regenerating, studying Slings, very quick
A: sickness immunity, AC +10, big wings, negative energy resistance 1,
electricity resistance, torment resistance 1, petrification resistance
a: Renounce Religion, Berserk, Trog's Hand, Brothers in Arms


You were on level 6 of the Lair of Beasts.
You worshipped Trog.
Trog was extremely pleased with you.
You visited 2 branches of the dungeon, and saw 17 of its levels.
You also visited: Sewer.

You collected 1008 gold pieces.

Inventory:

Hand Weapons
 G - a +0 war axe
 P - the +7 whip "Xilutol" {vorpal, Dex+3}
   (You found it on level 11 of the Dungeon)

   It inflicts extra damage upon your enemies.
   Dex:       It affects your dexterity (+3).
 W - a +0 great mace
 Y - a +0 broad axe
 Z - a +7 antimagic morningstar (weapon)
Armour
 g - a +0 plate armour (worn)
 h - a +0 pair of gloves (worn)
 k - a +0 pair of boots (worn)
 S - a +0 tower shield (worn)
Jewellery
 a - a ring of protection from cold (right hand)
 f - a +6 ring of intelligence
 m - a +6 ring of dexterity
 x - a ring of see invisible
 z - a ring of protection from fire (left hand)
 L - an amulet of reflection (around neck)
 Q - an amulet of guardian spirit
Wands
 n - a wand of flame (54)
 A - a wand of digging (9)
 O - a wand of iceblast (13)
 T - a wand of mindburst (15)
 V - a wand of acid (9)
Scrolls
 c - a scroll of fog {unknown}
 e - 2 scrolls of blinking {unknown}
 i - 2 scrolls of fear
 l - 6 scrolls of immolation
 p - 6 scrolls of enchant armour
 q - 3 scrolls of amnesia {unknown}
 r - 4 scrolls of vulnerability {unknown}
 t - 4 scrolls of magic mapping
 u - 9 scrolls of teleportation
 y - 2 scrolls of enchant weapon {unknown}
 B - 4 scrolls of brand weapon {unknown}
 E - 8 scrolls of identify
 F - 4 scrolls of noise {unknown}
 K - 2 scrolls of silence {unknown}
 M - a scroll of acquirement {unknown}
 N - a scroll of summoning {unknown}
Potions
 b - 2 potions of mutation {unknown}
 d - 9 potions of curing
 j - 4 potions of heal wounds
 o - 5 potions of haste
 s - 3 potions of might
 v - a potion of cancellation {unknown}
 w - 3 potions of invisibility
 D - 2 potions of attraction {unknown}
 H - a potion of ambrosia {unknown}
 I - a potion of flight {unknown}
 J - a potion of berserk rage
 X - 2 potions of lignification {unknown}
Miscellaneous
 C - a lightning rod (4/4)
 R - a condenser vane
 U - a phantom mirror


   Skills:
 * Level 11.9 Fighting
 + Level 6.7(9.4) Axes
 * Level 11.0(11.9) Maces & Flails
 * Level 11.7 Armour
 * Level 9.2 Dodging
 * Level 11.3 Shields
 + Level 5.6 Evocations


You had 13 spell levels left.
You didn't know any spells.
Your spell library was empty.

Dungeon Overview and Level Annotations

Branches:
Dungeon (11/15)            Temple (0/1) D:5            Lair (6/6) D:11
 Shoals (0/4) Lair:3        Snake (0/4) Lair:3        Slime (0/5) Lair:6
    Orc (0/2) D:10          Sewer (visited)

Altars:
Cheibriados
Dithmenos
Fedhas
Kikubaaqudgha
Okawaru
Ru
Sif Muna
Uskayaw
Wu Jian
Jiyva

Shops:
D:4 !   D:7 (   D:10 (

Annotations:
D:4 Blork the orc
D:10 Erica
Lair:1 1 runed translucent door, Beischinu's ghost, journeyman MiFi
Lair:3 2 runed translucent doors, exclusion: oklob plant, DocClef's ghost, journeyman GnDe


Innate Abilities, Weirdness & Mutations

You are immune to sickness and miasma.
Your stone body is resilient. (AC +10)
You are immune to poison.
Your large and strong wings let you fly.
You resist negative energy. (rN+)
You are resistant to electric shocks. (rElec)
You are resistant to unholy torment.
You are immune to petrification.


Message History

Your troll dies!
Your troll's corpse disappears in a puff of smoke!
The dire elephant simulacrum tramples you!
* * * LOW HITPOINT WARNING * * *
The dire elephant simulacrum freezes you!
You resist.
* * * LOW HITPOINT WARNING * * *
The dire elephant simulacrum barely misses you.
A red film seems to cover your vision as you go berserk!
You feel yourself moving faster!
You feel mighty!
You block the dire elephant simulacrum's attack. x2
You hit the dire elephant simulacrum.
The dire elephant simulacrum is moderately damaged.
You block the dire elephant simulacrum's attack.
The dire elephant simulacrum barely misses you.
You puncture the dire elephant simulacrum!
The dire elephant simulacrum is heavily damaged.
You sock the dire elephant simulacrum!
The dire elephant simulacrum is severely damaged.
You block the dire elephant simulacrum's attack.
The dire elephant simulacrum trunk-slaps you but does no damage.
You block the dire elephant's attack. The dire elephant trunk-slaps you.
* * * LOW HITPOINT WARNING * * *
You puncture the dire elephant simulacrum!
The dire elephant simulacrum is almost destroyed.
You block the dire elephant simulacrum's attack.
The dire elephant simulacrum barely misses you.
You block the dire elephant's attack.
The dire elephant trunk-slaps you but does no damage.
You bludgeon the dire elephant simulacrum!!
The dire elephant simulacrum vaporises!
The dire elephant tramples you!
* * * LOW HITPOINT WARNING * * *
You hold your ground!
You block the dire elephant's attack.
You impale the dire elephant!!
The dire elephant is lightly wounded.
You sock the dire elephant!
The dire elephant is moderately wounded.
The dire elephant tramples you!
You die...

#''####.#..####.#####
##p≈≈.##.#.#.# ###
#≈≈≈Y≈.#.#..## ≈p≈≈≈
#.#.## ..≈≈ ##.#.#
#.. #P.#.##
##Y####.##..#
#8Z8#P°P#♣..##
#...#@###....#
###Y.##Y##...###
###.'..#..##..##
#.P.'..#.##♣..#
#P..####)# ♣..#
#)..'....# #♣.###
##...'..### #P..#
#....#8..+ #♣..#
#....##### #.##


You could see a dire elephant.

Vanquished Creatures
  A dire elephant (Lair:6)
  Josephine (D:10)
  4 hydras
  A two-headed ogre (D:11)
  14 death yaks
  A spectral anaconda (Lair:6)
  An obsidian statue (Lair:6)
  2 necromancers (Lair:6)
  A cyclops (D:8)
  A merfolk siren (Lair:3)
  16 elephants
  5 black mambas
  Joseph (D:10)
  A torpor snail (Lair:2)
  7 cane toads
  2 rime drakes
  18 komodo dragons
  A troll (D:11)
  Grinder (D:6)
  2 polar bears
  11 blink frogs
  6 wraiths
  A shadow (D:9)
  2 wyverns
  58 yaks
  A basilisk (Lair:6)
  3 death yak simulacra (Lair:6)
  2 vampire mosquitoes (D:11)
  An acid dragon (D:11)
  19 water moccasins
  Purgy (Sewer)
  2 orc warriors (D:9)
  2 ice beasts
  2 elephant zombies (Lair:6)
  A black bear (Lair:1)
  4 ogres
  3 elephant skeletons (Lair:6)
  4 centaurs
  6 wolves (Lair:1)
  A phantom (D:6)
  15 bullfrogs
  3 kobold brigands
  2 gnoll sergeants
  3 scorpions
  A cane toad simulacrum (Lair:6)
  An elephant simulacrum (Lair:6)
  8 wights (D:8)
  4 howler monkeys
  A bullfrog zombie (D:6)
  2 centaur zombies
  A hound (D:7)
  7 orc priests
  An iron imp (D:7)
  15 iguanas
  7 orc wizards
  10 gnolls
  7 adders
  An adder skeleton (D:5)
  2 worms
  11 orcs
  5 bats (D:1)
  8 endoplasms
  4 giant cockroaches
  7 goblins
  13 hobgoblins
  7 jackals
  6 quokkas
  10 ball pythons
  21 frilled lizards
  16 kobolds
  3 rats
  A butterfly (Lair:5)
414 creatures vanquished.

Vanquished Creatures (collateral kills)
  2 dire elephants (Lair:6)
  A necromancer (Lair:6)
3 creatures vanquished.

Vanquished Creatures (others)
  21 fungi
  34 plants
  21 withered plants (Lair:6)
76 creatures vanquished.

Grand Total: 493 creatures vanquished

Notes
Turn   | Place    | Note
-------+----------+-------------------------------------------
     0 | D:1      | dtburroughs the Gargoyle Berserker began the quest for the
                  | Orb.
     0 | D:1      | Reached XP level 1. HP: 14/14 MP: 1/1
   404 | D:1      | Reached XP level 2. HP: 18/19 MP: 2/2
   675 | D:1      | Reached XP level 3. HP: 24/24 MP: 3/3
  1502 | D:2      | Reached XP level 4. HP: 23/29 MP: 4/4
  1505 | D:2      | Reached ** piety under Trog
  2860 | D:3      | Reached XP level 5. HP: 28/33 MP: 5/5
  3168 | D:3      | Found a glowing drain.
  3181 | Sewer    | Entered a sewer
  3299 | Sewer    | Noticed Purgy
  3317 | Sewer    | Killed Purgy
  3318 | Sewer    | Reached skill level 1 in Axes
  3318 | Sewer    | Reached skill level 1 in Shields
  3318 | Sewer    | Reached XP level 6. HP: 39/39 MP: 6/6
  3587 | D:4      | Found Jicu's Distillery.
  3956 | D:4      | Reached *** piety under Trog
  4139 | D:4      | Noticed Blork the orc
  4148 | D:4      | Found a shimmering blue altar of Sif Muna.
  4263 | D:5      | Entered Level 5 of the Dungeon
  4342 | D:5      | Reached XP level 7. HP: 34/44 MP: 7/7
  4543 | D:5      | Found a staircase to the Ecumenical Temple.
  4631 | D:5      | Reached skill level 5 in Fighting
  5214 | D:5      | Identified the +4 dagger of the Lusting Owl {spect, rPois
                  | Str-3 Dex+9}
  6071 | D:6      | Reached XP level 8. HP: 35/50 MP: 8/8
  6307 | D:6      | Reached skill level 5 in Maces & Flails
  6601 | D:6      | Reached skill level 5 in Armour
  6904 | D:6      | Noticed Grinder
  6929 | D:6      | Paralysed by Grinder for 4 turns
  6934 | D:6      | Killed Grinder
  7552 | D:6      | Found a shadowy altar of Dithmenos.
  8415 | D:7      | Found an ornate altar of the Wu Jian Council.
  8415 | D:7      | Found a sacrificial altar of Ru.
  8750 | D:7      | Reached XP level 9. HP: 54/56 MP: 9/9
  8823 | D:7      | Found a snail-covered altar of Cheibriados.
  8846 | D:7      | Found a blossoming altar of Fedhas.
  8880 | D:7      | Found Bawi's Weapon Boutique.
  9876 | D:8      | Reached skill level 5 in Shields
  9925 | D:8      | Noticed a cyclops
  9940 | D:8      | Killed a cyclops
 10749 | D:9      | HP: 1/57 [orc warrior (9)]
 10752 | D:9      | Reached skill level 5 in Dodging
 11662 | D:9      | Found an ancient bone altar of Kikubaaqudgha.
 11695 | D:9      | Reached XP level 10. HP: 48/63 MP: 10/10
 12861 | D:10     | Entered Level 10 of the Dungeon
 12861 | D:10     | Found a staircase to the Orcish Mines.
 12877 | D:10     | Found a hide-covered altar of Uskayaw.
 12931 | D:10     | Reached **** piety under Trog
 13012 | D:10     | Noticed Joseph
 13012 | D:10     | Noticed Erica
 13379 | D:10     | Found Ylikur's Firing Range.
 13566 | D:10     | Killed Joseph
 13925 | D:10     | Found an iron altar of Okawaru.
 14012 | D:11     | Noticed a two-headed ogre
 14022 | D:11     | Killed a two-headed ogre
 14023 | D:11     | Reached skill level 1 in Evocations
 14073 | D:10     | Reached XP level 11. HP: 32/69 MP: 11/11
 14436 | D:11     | Noticed Josephine
 14456 | D:10     | Killed Josephine
 15256 | D:11     | Noticed a death yak
 15257 | D:11     | Noticed a death yak
 15278 | D:11     | Killed a death yak
 15539 | D:11     | Noticed a death yak
 15551 | D:11     | Killed a death yak
 15552 | D:11     | Noticed a death yak
 15552 | D:11     | Noticed a death yak
 15552 | D:11     | Noticed a death yak
 15673 | D:10     | Killed a death yak
 16071 | D:11     | Identified the +7 whip "Xilutol" {vorpal, Dex+3}
 16340 | D:11     | Found a staircase to the Lair.
 16395 | Lair:1   | Entered Level 1 of the Lair of Beasts
 16459 | Lair:1   | Reached XP level 12. HP: 76/76 MP: 12/12
 17035 | Lair:1   | Reached skill level 5 in Axes
 17746 | Lair:1   | Found a runed translucent door.
 17748 | Lair:1   | Noticed Beischinu's ghost (journeyman MiFi)
 17815 | Lair:1   | Noticed a seven-headed hydra
 17828 | Lair:1   | Killed a seven-headed hydra
 18931 | Lair:2   | Reached skill level 10 in Fighting
 19248 | Lair:2   | Noticed a seven-headed hydra
 19262 | Lair:2   | Killed a seven-headed hydra
 19950 | Lair:2   | Reached skill level 10 in Armour
 20299 | Lair:2   | Reached XP level 13. HP: 17/83 MP: 13/13
 20712 | Lair:2   | Reached ***** piety under Trog
 21664 | Lair:3   | Found a large runed translucent door.
 21665 | Lair:3   | Found a large runed translucent door.
 21850 | Lair:3   | Reached skill level 10 in Maces & Flails
 21850 | Lair:3   | Reached skill level 10 in Shields
 22121 | Lair:3   | Found a staircase to the Snake Pit.
 22672 | Lair:3   | Found a staircase to the Shoals.
 22686 | Lair:3   | Noticed DocClef's ghost (journeyman GnDe)
 23718 | Lair:4   | You fall into a shaft and drop 1 floor!
 25086 | Lair:5   | Reached skill level 5 in Evocations
 25459 | Lair:5   | Gained mutation: Your large and strong wings let you fly.
                  | [Gargoyle growth]
 25459 | Lair:5   | Reached XP level 14. HP: 73/90 MP: 14/14
 26373 | Lair:6   | Entered Level 6 of the Lair of Beasts
 27318 | Lair:6   | Noticed a dire elephant
 27318 | Lair:6   | Noticed a dire elephant
 27318 | Lair:6   | Noticed a dire elephant
 27318 | Lair:6   | Noticed a dire elephant
 27321 | Lair:6   | Found the +9 sword of Zonguldrok {reap}
 27669 | Lair:6   | Found a viscous altar of Jiyva.
 27669 | Lair:6   | Found a staircase to the Slime Pits.
 28550 | Lair:6   | Received a gift from Trog
 28888 | Lair:6   | Noticed a dire elephant
 28905 | Lair:6   | Killed a dire elephant
 29298 | Lair:6   | Killed a dire elephant
 29302 | Lair:6   | Killed a dire elephant
 29313 | Lair:6   | Slain by a dire elephant

Illustrated notes

Levels and vault maps discovered:
D:1:      grunt_arrival_lava_bath, layout_basic
D:2:      layout_basic, grunt_ministairs_9
D:3:      layout_rooms, cheibrodos_sewer_entry_bend
D:4:      layout_cave_pools, tgw_sif, serial_shops, nicolae_stop_n_shop_1
D:5:      layout_cave_pods, minmay_temple_entry_wispy
D:6:      layout_layer_cave, kennysheep_mini, uniq_grinder
D:7:      layout_loops_corners, slow_altar_2,
          grunt_temple_overflow_forces_of_nature,
          gammafunk_temple_overflow_elements, serial_shops,
          kennysheep_little_box, minmay_misc_feat_cross, uniq_harold
D:8:      layout_gridville, minmay_manual_mess
D:9:      layout_irregular_city, general_overflow_altar, serial_rivers,
          chequers_serial_rivers_small_3, chequers_serial_rivers_micro_e,
          chequers_serial_rivers_marsh, chequers_serial_rivers_large_a
D:10:     layout_rooms, okawaru_gym_becter, nicolae_overflow_crystal_walls,
          orc_0_dummy, minmay_misc_feat_tiny, nicolae_shop_firing_range,
          uniq_joseph, uniq_erica
D:11:     layout_basic, dpeg_lair_monsters, uniq_josephine
Lair:1:   layout_small_grid, ebering_ghost_reflecting_pool, grunt_megastairs_4
Lair:2:   lemuel_reptile_caves, layout_layer_cave, beast_lair_carwin_5
Lair:3:   layout_layer_cave, minmay_shoals_entry_lonely_mermaid,
          minmay_snake_entry_six_corridors, ebering_ghost_disaster_area,
          minmay_lair_oklob_chamber
Lair:4:   layout_cave_pods
Lair:5:   layout_cave_pods, lemuel_fruit_fields, lemuel_fruit_tree
Lair:6:   due_jungle_book, layout_cellular_growth, slime_altar_1,
          chequers_serial_rivers_small_3

Skill      XL: |  1  2  3  4  5  6  7  8  9 10 11 12 13 14 |
---------------+-------------------------------------------+-----
Dodging        | 2 3 4 5 6 7 8 9 |  9.2
Armour         | 3 4 5 6 8 9 10 11 | 11.7
Fighting       | 4 5 6 7 8 9 10 11 | 11.9
Axes           | 1 2 3 4 5 6 |  6.7
Shields        | 1 2 3 4 5 7 8 9 10 11 | 11.3
Maces & Flails | 4 5 6 7 8 9 10 11 | 11.0
Evocations     | 1 3 4 5 |  5.6

Action                   |  1- 3 |  4- 6 |  7- 9 | 10-12 | 13-15 || total
-------------------------+-------+-------+-------+-------+-------++-------
Melee: Mace              |   102 |   189 |       |       |       ||   291
       Flail             |       |    54 |   413 |   481 |       ||   948
       Whip              |       |       |       |   509 |   956 ||  1465
       Morningstar       |       |       |       |       |    85 ||    85
Invok: Berserk           |       |     1 |     6 |    12 |     3 ||    22
       Trog's Hand       |       |       |     3 |     7 |     9 ||    19
       Brothers in Arms  |       |       |       |     1 |     1 ||     2
Evoke: Wand              |       |       |       |    14 |       ||    14
  Use: Scroll            |       |       |    12 |     1 |       ||    13
       Potion            |       |       |     1 |       |       ||     1
Armor: Animal skin       |    41 |    16 |       |       |       ||    57
       Scale mail        |       |   162 |    21 |       |       ||   183
       Chain mail        |       |       |   163 |       |       ||   163
       Plate armour      |       |       |    34 |   405 |   281 ||   720
Dodge: Dodged            |   121 |   158 |   135 |   195 |   112 ||   721
Block: Buckler           |       |    28 |    29 |       |       ||    57
       Kite shield       |       |       |   182 |   515 |    89 ||   786
       Tower shield      |       |       |       |       |   770 ||   770
